 Dungeon Sprint DCSS version 0.17-a0-1805-g6093636 (webtiles) character file.

2728 nuthulu the Fighter (level 9, 0/65 HPs)
             Began as a Gargoyle Berserker on Sept 12, 2015.
             Was an Elder of Trog.
             Slain by an unseen horror (5 damage)
             ... in the Dungeon (Sprint III: "The Ten Rune Challenge").
             The game lasted 00:06:43 (2680 turns).

nuthulu the Fighter (Gargoyle Berserker)            Turns: 2680, Time: 00:06:44

Health: 0/65       AC: 10    Str: 22    XL:     9   Next: 67%
Magic:  9/9        EV: 16    Int:  9    God:    Trog [****..]
Gold:   29         SH:  0    Dex: 12    Spells: 0 memorised, 8 levels left

rFire  . . .     SeeInvis .     a - +0 mace
rCold  . . .     Clarity  .     b - +0 animal skin
rNeg   + . .     SustAt   .     (no shield)
rPois  ∞         Gourm    .     (no helmet)
rElec  +         Spirit   .     (no cloak)
rCorr  .         Warding  .     (no gloves)
rMut   .         NoTele   +     (no boots)
MR     +++..                    (no amulet)
Stlth  +.........               (no ring)
                                (no ring)

@: regenerating, extremely resistant to hostile enchantments, very unstealthy
A: yellow scales 1, magic resistance 1, negative energy resistance 1,
electricity resistance, strong 1, unbreathing, petrification resistance, rot
immunity, AC +5
a: Burn Spellbooks, Berserk, Trog's Hand, Brothers in Arms, Renounce Religion


You were in the Dungeon.
You worshipped Trog.
Trog was greatly pleased with you.
You were not hungry.

You visited 1 branch You collected 29 gold pieces.

Inventory:

Hand weapons
 a - a +0 mace (weapon)
Armour
 b - a +0 animal skin (worn)
Magical devices
 j - a wand of slowing (21)
 r - a wand of enslavement (6)
Scrolls
 i - a scroll of blinking
 l - a scroll of immolation
 m - 2 scrolls of identify
 n - a scroll of remove curse
Potions
 d - a potion of curing
 e - a potion of heal wounds
 f - 2 potions of haste
 g - 2 potions of magic
 h - a potion of berserk rage
 k - 2 potions of mutation
 p - 3 potions of cure mutation
 q - 3 potions of flight
Comestibles
 c - a bread ration


   Skills:
 + Level 12.2 Fighting
 + Level 11.3 Maces & Flails
 + Level 12.0 Armour
 + Level 9.4 Dodging


You had 8 spell levels left.
You didn't know any spells.

Dungeon Overview and Level Annotations

Branches:
Dungeon (1/1)

Altars:
Cheibriados
Dithmenos
Elyvilon
Fedhas
Gozag
Kikubaaqudgha
Makhleb
Nemelex Xobeh
Okawaru
Qazlal
Ru
Sif Muna
Trog
Vehumet
Xom
Yredelemnul
Zin
The Shining One
Jiyva
Lugonu


Innate Abilities, Weirdness & Mutations

You are resistant to torment.
Your stone body is resilient (AC +5).
You are immune to poison.
You resist negative energy.
You are resistant to electric shocks.
You can survive without breathing.
You are immune to petrification.
You are immune to rotting.
You are partially covered in yellow scales (AC +2).
You are resistant to hostile enchantments.
Your muscles are strong. (Str +2)


Message History

Something hits you! Something completely misses you. Something hits you.
Something hits you!
* * * LOW HITPOINT WARNING * * *
Something closely misses you.
You sock something! Something hits you.
* * * LOW HITPOINT WARNING * * *
Something completely misses you.
You barely miss something. Something hits you.
* * * LOW HITPOINT WARNING * * *
Something hits you.
* * * LOW HITPOINT WARNING * * *
Something closely misses you. Something hits you.
* * * LOW HITPOINT WARNING * * *
Use which ability?
Your skin crawls.
You feel resistant to hostile enchantments.
You feel slightly more hungry. Something hits you but does no damage.
Something barely misses you. Something hits you but does no damage.
Something hits you.
You die...

# # # # # #
#+#####################
#..≈§§+.#.+...+.#.#.#.+
#.#§§≈#.#(#...##@#.#.##
+.#§§§#)#(#...#.#.#.#.#
#.#.§§#())#...##.#.#.##
▓▓▓▓▓▓▓▓▓▓▓▓▓▓#.#.#.#.#
.f......≈≈≈...##.#.#.##
≈≈≈≈≈≈≈≈≈≈♣♣P.+.#.#.#.#
♣♣♣♣♣♣♣♣♣♣♣♣PP##.#.#.##
♣♣♣##+#####


There were no monsters in sight!

Vanquished Creatures
  Josephine (D)
  A centaur warrior (D)
  A deep elf priest (D)
  A wandering mushroom (D)
  A shadow (D)
  A spatial vortex (D)
  A necrophage (D)
  2 centaurs (D)
  A water elemental (D)
  A scorpion (D)
  A jelly (D)
  A wizard (D)
  Jessica (D)
  A necromancer (D)
  2 humans (D)
  A kobold demonologist (D)
  2 oozes (D)
20 creatures vanquished.

Vanquished Creatures (collateral kills)
  An earth elemental (D)
1 creature vanquished.

Vanquished Creatures (others)
  2 draconian scorchers (D)
  2 yaktaurs (D)
  A human (D)
5 creatures vanquished.

Grand Total: 26 creatures vanquished

Notes
Turn   | Place    | Note
--------------------------------------------------------------
     0 | D        | nuthulu the Gargoyle Berserker began the quest for the Orb.
     0 | D        | Reached XP level 1. HP: 14/14 MP: 1/1
    34 | D        | Acquired Trog's second power
    34 | D        | Reached skill level 4 in Fighting
    34 | D        | Reached XP level 2. HP: 20/20 MP: 2/2
    47 | D        | Noticed Jessica
    55 | D        | Killed Jessica
    55 | D        | Reached XP level 3. HP: 24/24 MP: 3/3
    76 | D        | Noticed a scorpion
   126 | D        | Reached skill level 5 in Fighting
   213 | D        | Killed a white draconian scorcher
   214 | D        | Killed a white draconian scorcher
   256 | D        | Killed a yaktaur
   279 | D        | Killed a scorpion
   279 | D        | Reached skill level 5 in Maces & Flails
   279 | D        | Reached skill level 5 in Armour
   279 | D        | Reached XP level 4. HP: 18/32 MP: 4/4
   464 | D        | Gained mutation: Your muscles are strong. (Str +2) [potion of mutation]
   464 | D        | Gained mutation: You are resistant to hostile enchantments. [potion of mutation]
   464 | D        | Gained mutation: You are partially covered in yellow scales (AC +2). [potion of mutation]
   470 | D        | Noticed a water elemental
   478 | D        | Killed a water elemental
   478 | D        | Reached skill level 6 in Fighting
   478 | D        | Reached XP level 5. HP: 37/37 MP: 5/5
   524 | D        | Found a radiant altar of Vehumet.
   525 | D        | Found a deep blue altar of Sif Muna.
   525 | D        | Found an ancient bone altar of Kikubaaqudgha.
   525 | D        | Noticed a wizard
   530 | D        | Noticed a blue devil
   532 | D        | Killed a wizard
   548 | D        | HP: 1/37 [blue devil[a kobold demonologist] (1)]
   551 | D        | Noticed a red devil
   552 | D        | Noticed a smoke demon
   553 | D        | Reached skill level 7 in Fighting
   553 | D        | Reached skill level 5 in Dodging
   714 | D        | Acquired Trog's third power
   719 | D        | Found a glowing silver altar of Zin.
   719 | D        | Found a glowing golden altar of the Shining One.
   719 | D        | Found a white marble altar of Elyvilon.
   720 | D        | Noticed a deep elf priest
   728 | D        | Killed a deep elf priest
   728 | D        | Reached skill level 8 in Fighting
   728 | D        | Reached XP level 6. HP: 45/45 MP: 6/6
   728 | D        | Reached XP level 7. HP: 50/50 MP: 7/7
   750 | D        | Found a snail-covered altar of Cheibriados.
   750 | D        | Noticed a necrophage
   751 | D        | Found a basalt altar of Yredelemnul.
   751 | D        | Found a blossoming altar of Fedhas.
   751 | D        | Noticed a necromancer
   759 | D        | Killed a necrophage
   767 | D        | Killed a necromancer
   767 | D        | Reached skill level 9 in Fighting
   856 | D        | Found an iron altar of Okawaru.
   856 | D        | Found a bloodstained altar of Trog.
   856 | D        | Noticed a human
   857 | D        | Noticed a human
   866 | D        | a human (ally) was killed
   893 | D        | Killed a human
   965 | D        | Noticed a jelly
   966 | D        | Noticed a shadow
   977 | D        | Killed a shadow
   982 | D        | Killed a jelly
   982 | D        | Reached XP level 8. HP: 28/57 MP: 8/8
  1067 | D        | Found a stormy altar of Qazlal.
  1067 | D        | Found a sacrificial altar of Ru.
  1067 | D        | Found a burning altar of Makhleb.
  1067 | D        | Found a shimmering altar of Xom.
  1068 | D        | Found a viscous altar of Jiyva.
  1068 | D        | Found a shadowy altar of Dithmenos.
  1068 | D        | Found a sparkling altar of Nemelex Xobeh.
  1068 | D        | Found a corrupted altar of Lugonu.
  1068 | D        | Found an opulent altar of Gozag.
  1068 | D        | Noticed a spatial vortex
  1103 | D        | Killed a yaktaur
  1295 | D        | Killed a spatial vortex
  1295 | D        | Reached skill level 10 in Fighting
  1426 | D        | Noticed Josephine
  1461 | D        | Killed Josephine
  1461 | D        | Reached skill level 11 in Fighting
  1461 | D        | Reached skill level 10 in Maces & Flails
  1461 | D        | Reached XP level 9. HP: 58/64 MP: 9/9
  1490 | D        | Noticed an earth elemental
  1501 | D        | Killed an earth elemental
  1552 | D        | Noticed a centaur
  1552 | D        | Noticed a centaur warrior
  1552 | D        | Noticed a centaur
  1577 | D        | Killed a centaur warrior
  1579 | D        | Killed a centaur
  1582 | D        | Killed a centaur
  1582 | D        | Reached skill level 12 in Fighting
  1953 | D        | Noticed a wandering mushroom
  2038 | D        | Noticed a wandering mushroom
  2040 | D        | Noticed a wandering mushroom
  2234 | D        | Killed a wandering mushroom
  2680 | D        | Slain by an unseen horror

Vault maps used:
D:        dungeon_sprint_mu

Action                   |  1- 3 |  4- 6 |  7- 9 || total
-------------------------+-------+-------+-------++-------
Melee: Mace              |    36 |    26 |   152 ||   214
Invok: Trog's Hand       |     1 |     4 |     8 ||    13
       Berserk           |     1 |     3 |     2 ||     6
       Burn Spellbooks   |       |     1 |       ||     1
       Brothers in Arms  |       |       |     1 ||     1
Evoke: Wand              |     1 |       |     2 ||     3
  Use: Scroll            |       |     3 |       ||     3
       Potion            |       |     1 |       ||     1
 Stab: Sleeping          |     1 |       |       ||     1
  Eat: Bread ration      |       |     1 |       ||     1
       Chunk             |       |       |     3 ||     3
       Royal jelly       |       |       |     3 ||     3
